 Dungeon Crawl Stone Soup version 0.28.0-56-g4927b6849a (webtiles) character file.

Game seed: 8489277767672681394

27 NotaViper the Skirmisher (level 2, 0/24 HPs)
             Began as a Demonspawn Abyssal Knight on Feb 3, 2023.
             Was a Follower of Lugonu.
             Slain by a kobold
             ... wielding a +0 short sword
              (4 damage)
             ... on level 1 of the Dungeon.
             The game lasted 00:07:15 (885 turns).

NotaViper the Skirmisher (Demonspawn Abyssal Knight) Turns: 885, Time: 00:07:15

Health: 0/24       AC:  6    Str: 13    XL:     2   Next: 93%
Magic:  3/3        EV: 11    Int: 11    God:    Lugonu [*.....]
Gold:   17         SH:  0    Dex: 13    Spells: 0/1 levels left

rFire   . . .      SeeInvis .   a - +1 mace
rCold   . . .      Faith    .   (no shield)
rNeg    . . .      Spirit   .   b - +0 leather armour
rPois   .          Reflect  .   (no helmet)
rElec   .          Harm     .   (no cloak)
rCorr   .          Rampage  .   (no gloves)
Will    .....                   c - +2 pair of boots
Stlth   +.........              (no amulet)
HPRegen 0.08/turn               (no ring)
MPRegen 0.08/turn               (no ring)

@: no status effects
A: powered by death 1
a: Renounce Religion, Depart the Abyss


You were on level 1 of the Dungeon.
You worshipped Lugonu.
Lugonu was aware of your devotion.
You visited 1 branch of the dungeon, and saw 2 of its levels.
You visited the Abyss 1 time.

You collected 17 gold pieces.

Inventory:

Hand Weapons
 a - a +1 mace (weapon)
 g - a +0 whip
 i - a +0 whip
Missiles
 d - 25 bolts
 h - 37 stones
 k - 3 javelins
Armour
 b - a +0 leather armour (worn)
 c - a +2 pair of boots (worn)
 f - a +0 robe
Scrolls
 j - a scroll of identify {unknown}
 l - a scroll of holy word {unknown}
 n - a scroll of torment {unknown}
Potions
 e - 2 potions of curing {unknown}
 m - a potion of flight {unknown}


   Skills:
 + Level 3.4 Fighting
 + Level 2.3 Maces & Flails
 + Level 2.0 Armour
 + Level 1.0 Dodging
 + Level 2.6 Invocations


You couldn't memorise any spells.
You knew the following spells:

 Your Spells              Type           Power      Damage    Failure   Level
a - Pain                  Necr           0%         1d4       41%         1

Your spell library contained the following spells:

 Spells                   Type           Power      Damage    Failure   Level
 Animate Skeleton         Necr           0%         N/A       41%         1
 Vampiric Draining        Necr           0%         2d6       80%         3


Dungeon Overview and Level Annotations

Branches:
Dungeon (2/15)

Altars:


Innate Abilities, Weirdness & Mutations

You regenerate a little health from kills.


Message History

You barely miss the worm.
The worm is almost dead.
The worm closely misses you.
The hobgoblin hits you but does no damage.
You hit the worm.
The worm is almost dead.
The hobgoblin hits you but does no damage.
The worm bites you! The kobold hits you but does no damage.
The kobold hits you but does no damage.
The hobgoblin hits you but does no damage.
You climb upwards.
There is a stone staircase leading down here.
You sock the worm!
You kill the worm!
Lugonu accepts your kill. The kobold completely misses you.
The hobgoblin hits you but does no damage.
You barely miss the kobold. The kobold misses you.
The hobgoblin barely misses you.
You closely miss the kobold. The kobold hits you but does no damage.
The hobgoblin barely misses you. The kobold closely misses you.
The hobgoblin barely misses you.
You completely miss the kobold.
The kobold hits you with a +0 short sword.
The hobgoblin hits you.
You closely miss the kobold. The kobold barely misses you.
The hobgoblin misses you.
You closely miss the kobold.
The kobold hits you with a +0 short sword.
The hobgoblin barely misses you.
The kobold hits you with a +0 short sword.
* * * LOW HITPOINT WARNING * * *
The hobgoblin closely misses you.
You hit the kobold but do no damage.
The kobold hits you with a +0 short sword.
* * * LOW HITPOINT WARNING * * *
The hobgoblin hits you but does no damage.
You closely miss the kobold.
The kobold hits you with a +0 short sword.
You die...

####..........#.# ##########
#....#####......# ##.........
##########..#.######..≈≈≈≈≈≈≈≈
#..........#.####...#≈..8....
#.########.#.##...###≈.######
#.# #.#....### #≈8#..... #.#
#....### #≈.###### #.#
####.g†########≈.#.§... #.#
#...#K@........≈.#≈§≈≈≈ #.#
#...####'#####.≈.#≈≈≈≈≈ #.#
###..........# #.≈.#..... #.#
#.'..........# #.≈.###### #.#
#.#..........# #.≈.#≈≈≈≈≈ #.#
#.#..........# #.≈.#≈.... #.#
#.#..........# #.≈.#≈.### #.#
#.####.......# #.≈.#≈....
##.###.# #.......# #.≈8#≈≈≈≈≈


You could see a hobgoblin and a kobold.

Vanquished Creatures
  2 dart slugs (D:1)
  A worm (D:1)
  An endoplasm (D:1)
  A giant cockroach (D:1)
  A goblin (D:1)
  4 hobgoblins (D:1)
  2 kobolds (D:1)
  2 bats (D:1)
  2 frilled lizards (D:1)
  4 rats (D:1)
20 creatures vanquished.

Notes
Turn   | Place    | Note
-------+----------+-------------------------------------------
     0 | Abyss:1  | NotaViper the Demonspawn Abyssal Knight began the quest for
                  | the Orb.
     0 | Abyss:1  | Reached XP level 1. HP: 18/18 MP: 2/2
    43 | D:1      | Escaped the Abyss
   132 | D:1      | Reached * piety under Lugonu
   338 | D:1      | Gained mutation: You regenerate a little health from kills.
                  | [demonic ancestry]
   338 | D:1      | Reached XP level 2. HP: 24/24 MP: 3/3
   397 | D:1      | Learned a level 1 spell: Pain
   482 | D:1      | You fall into a shaft and drop 1 floor!
   665 | D:1      | Reached skill level 1 in Dodging
   885 | D:1      | Slain by a kobold

Illustrated notes

Levels and vault maps discovered:
D:1:      lightli_arrival_isolated_outpost, layout_basic
D:2:      layout_rooms, corexii_shack, minmay_tetromino_l4

Skill      XL: |  1  2 |
---------------+-------+-----
Maces & Flails | 2 |  2.3
Armour         | 2 |  2.0
Dodging        | 1 |  1.0
Fighting       | |  3.4
Invocations    | |  2.6

Action                   || total
-------------------------++-------
Melee: Mace              ||    55
       Punch             ||     1
Throw: Javelin           ||     3
 Cast: Pain              ||     1
Invok: Depart the Abyss  ||     1
  Use: Scroll            ||     1
 Stab: Sleeping          ||     1
Armor: Leather armour    ||    34
Dodge: Dodged            ||    39
